 Dungeon Sprint DCSS version 0.30-a0-591-g3c58d2bc28 (webtiles) character file.

Game seed: 15248927209114847286

5 NinjaNoafa the Stinger (level 1, 0/27 HPs)
             Began as a Naga Venom Mage on Jan 5, 2023.
             Slain by a white imp (5 damage)
             ... in the Dungeon (Sprint IX: "|||||||||||||||||||||||||||||").
             The game lasted 00:00:26 (62 turns).

NinjaNoafa the Stinger (Naga Venom Mage)              Turns: 62, Time: 00:00:27

Health: 0/27       AC:  1    Str: 10    XL:     1   Next: 80%
Magic:  3/3        EV: 10    Int: 15    God:
Gold:   0          SH:  0    Dex: 11    Spells: 3/4 levels left

rFire   . . .      SeeInvis +    (no weapon)
rCold   . . .      Faith    .    (no shield)
rNeg    . . .      Spirit   .    a - +0 robe
rPois   +          Reflect  .    (no helmet)
rElec   .          Harm     .    (no cloak)
rCorr   .          Rampage  .    (no gloves)
Will    .....      NoTele   +    (no barding) Stlth
                                 (no amulet)
HPRegen 0.24/turn                (no ring)
MPRegen 0.08/turn                (no ring)

@: berserking, quick
A: AC +0, large, see invisible, deformed body, poison resistance, slowness 2,
spit poison 1, naga tail 1
a: Spit Poison


You were in the Dungeon.
You visited 1 branch

Inventory:

Armour
 a - a +0 robe (worn)
Scrolls
 g - a scroll of blinking
Potions
 b - 3 potions of magic
 c - a potion of curing
 e - a potion of haste


   Skills:
 + Level 1.2 Fighting
 + Level 2.0 Dodging
 - Level 3.0 Stealth
 + Level 2.4 Spellcasting
 + Level 1.7 Transmutations
 + Level 4.5 Poison Magic


You had 3 spell levels left.
You knew the following spells:

 Your Spells              Type           Power      Damage    Failure   Level
a - Sting                 Tmut/Pois      44%        1d5       6%          1

Your spell library contained the following spells:

 Spells                   Type           Power      Damage    Failure   Level
 Poisonous Vapours        Pois/Air       16%        N/A       13%         2
 Mephitic Cloud           Conj/Pois/Air  6%         N/A       34%         3
 Olgreb's Toxic Radiance  Pois           15%        N/A       32%         4


Dungeon Overview and Level Annotations

Branches:
Dungeon (1/1)

Altars:


Innate Abilities, Weirdness & Mutations

Your serpentine skin is tough. (AC +0)
You have supernaturally acute eyesight. (SInv)
Armour fits poorly on your strangely shaped body.
Your system is resistant to poisons. (rPois)
You cover ground very slowly.
You can spit poison.
You have a snake-like lower body.


Message History

Aiming: Sting (safe; 6% risk of failure)
Press: ? - help, Shift-Dir - straight line, f/p - frilled lizard
Aim: a frilled lizard (53% to hit)
The sting misses the frilled lizard.
The sting hits the bat.
The bat is poisoned.
The bat is heavily wounded.
The frilled lizard completely misses you.
You miss the frilled lizard.
You kill the bat!
The frilled lizard bites you.
Your Dodging skill increases to level 2!
You closely miss the frilled lizard.
The frilled lizard unfolds its giant frill.
The frilled lizard barely misses you.
You miss the frilled lizard. The frilled lizard barely misses you.
You hit the frilled lizard.
You kill the frilled lizard!
There is an open door to the Dungeon here.
You see here a frilled lizard corpse.
Magic restored.
You open the door.
A hound, a quokka, a water moccasin and 2 white imps come into view.
The white imp gestures at you. The puff of frost hits you!
Ouch! That really hurt!
A red film seems to cover your vision as you go berserk!
You feel yourself moving faster!
You feel mighty!
The hound barks!
The white imp shouts!
You closely miss the white imp. You hit the white imp.
The white imp is moderately wounded.
The white imp gestures at you. The puff of frost hits you.
* * * LOW HITPOINT WARNING * * *
You hit the white imp.
The white imp is severely wounded.
The white imp hits you.
* * * LOW HITPOINT WARNING * * *
The white imp freezes you.
You die...

▓+▓
▓.▓
▓h▓
▓5▓
▓r▓
▓S▓
▓5▓
▓@▓
▓.▓
▓.▓
▓.▓
▓.▓
▓†▓
▓.▓
▓.▓
▓.▓


You could see a water moccasin, a hound, 2 white imps and a quokka.

Vanquished Creatures
  A bat (D)
  An endoplasm (D)
  A giant cockroach (D)
  2 frilled lizards (D)
5 creatures vanquished.

Notes
Turn   | Place    | Note
-------+----------+-------------------------------------------
     0 | D        | NinjaNoafa the Naga Venom Mage began the quest for the Orb.
     0 | D        | Reached XP level 1. HP: 15/15 MP: 3/3
    15 | D        | Reached skill level 1 in Fighting
    58 | D        | Noticed a hound
    58 | D        | Noticed a water moccasin
    62 | D        | Slain by a white imp

Illustrated notes

Levels and vault maps discovered:
D:        linesprint [early_d, line_temple, items_1, d_10, items_2, lair_1,
          lair_end, items_3, orc_1, orc_end, items_4, d_15, swamp_1, shoals_1,
          snake_1, spider_1, d_20, vaults_1, items_5, swamp_end, shoals_end,
          snake_end, spider_end, vaults_end, d_27, items_6, zot_1, zot_end,
          crypt_end, forest_end, elf_end, slime_end, tomb_end, abyss_end,
          pan_hell_end]

Skill      XL: |  1 |
---------------+----+-----
Fighting       | 1 |  1.2
Dodging        | 2 |  2.0
Stealth        | |  3.0
Spellcasting   | |  2.4
Transmutations | |  1.7
Poison Magic   | |  4.5

Action                   || total
-------------------------++-------
Melee: Unarmed           ||    16
 Cast: Sting             ||     4
 Abil: Spit Poison       ||     1
  Use: Potion            ||     2
Dodge: Dodged            ||     9

Table legend: (Time is in decaauts)
 A = Elapsed time spent in this place.
 B = Non-inter-level travel time spent in this place.
 C = Inter-level travel time spent in this place.
 D = Time resting spent in this place.
 E = Time spent auto-exploring this place.
 F = Levels seen in this place.
 G = Mean time per level.
                   A        B        C        D        E       F      G
               +--------+--------+--------+--------+--------+-----+--------+
         Total |     65 |     65 |      0 |      0 |     38 |   1 |   65.0 |
       Dungeon |     65 |     65 |      0 |      0 |     38 |   1 |   65.0 |
               +--------+--------+--------+--------+--------+-----+--------+

Top non-repeatable levels by time:
       D: 65 daAuts
